 Seeded DCSS version 0.27.1-34-g3ba077fa99 (webtiles) character file.

Game seed: 1001837481477946641 (custom seed)

7 voltaire321 the Ducker (level 1, -1/16 HPs)
             Began as a Demonspawn Gladiator on Jan 8, 2022.
             Slain by a jackal (2 damage)
             ... on level 1 of the Dungeon.
             The game lasted 00:00:25 (465 turns).

voltaire321 the Ducker (Demonspawn Gladiator)        Turns: 465, Time: 00:00:25

Health: -1/16      AC:  4    Str: 14    XL:     1   Next: 83%
Magic:  1/1        EV: 12    Int:  9    God:
Gold:   12         SH:  0    Dex: 14    Spells: 0/0 levels left

rFire    . . .     SeeInvis .   a - +0 war axe
rCold    . . .     Faith    .   (no shield)
rNeg     . . .     Spirit   .   b - +0 leather armour
rPois    .         Reflect  .   c - +0 helmet
rElec    .         Harm     .   (no cloak)
rCorr    .         Rampage  .   (no gloves)
Will     .....                  (no boots)
Stlth    +.........             (no amulet)
HPRegen  0.05/turn              (no ring)
MPRegen  0.07/turn              (no ring)

@: no status effects
A: no striking features
a: no special abilities


You were on level 1 of the Dungeon.
You visited 1 branch of the dungeon, and saw 1 of its levels.

You collected 12 gold pieces.

Inventory:

Hand Weapons
 a - a +0 war axe (weapon)
Missiles
 d - 3 throwing nets (quivered)
Armour
 b - a +0 leather armour (worn)
 c - a +0 helmet (worn)
Scrolls
 e - 2 scrolls of amnesia {unknown}
 f - a scroll of torment {unknown}
 g - a scroll of acquirement {unknown}


   Skills:
 + Level 2.1 Fighting
 + Level 2.8 Axes
 + Level 2.0 Throwing
 + Level 2.8 Dodging


You couldn't memorise any spells.
You didn't know any spells.
Your spell library was empty.

Dungeon Overview and Level Annotations

Branches:
Dungeon (1/15)

Altars:


Message History

You see here a +0 short sword.
A kobold comes into view. It is wielding a +0 dagger.
Found a ring mail.
The kobold shouts!
The bat hits you but does no damage.
The jackal bites you but does no damage.
The jackal bites you. The jackal closely misses you. The jackal bites you.
You slash the jackal!
You kill the jackal!
You hit the jackal. x3; The bat completely misses you.
The jackal bites you. The jackal completely misses you.
The jackal bites you. x2
The jackal barely misses you.
The jackal bites you but does no damage.
Your Throwing skill increases to level 2!
The bat barely misses you. The jackal closely misses you.
The kobold throws a stone.
The stone misses you. The hobgoblin closely misses you.
The goblin barely misses you. The jackal closely misses you.
The jackal bites you but does no damage. x2
You see here a jackal corpse.
You hit the hobgoblin.
The hobgoblin is moderately wounded.
You hit the jackal. You closely miss the goblin. You hit the jackal.
You barely miss the jackal. The bat barely misses you. The jackal bites you.
The jackal misses you.
The kobold throws a stone.
The stone hits you but does no damage. The hobgoblin barely misses you.
The jackal closely misses you. The goblin hits you with a +0 club.
The jackal barely misses you. The jackal closely misses you.
The hobgoblin hits you.
* * * LOW HITPOINT WARNING * * *
The jackal bites you.
* * * LOW HITPOINT WARNING * * *
You hit the hobgoblin.
The hobgoblin is severely wounded.
You closely miss the bat. You closely miss the jackal.
You barely miss the goblin. You slash the jackal!
You kill the jackal!
You barely miss the jackal. The bat misses you. The jackal barely misses you.
The goblin hits you but does no damage. The jackal bites you.
You die...

##..[.....## #..........#
#..........# #...K......#
...........# #######
#..........# #.....#
#....b.hg.# #.....# ....##
#....g@†.# #.....# PP♣..###
#.#####h## #.....# .P....##.
#.##....# ##.....#
..P...P...#....#### ###......#
P....♣..#.....## ##........#
..P.....###...######..##.....#
....P...# #.....#....####.####
...P..P# #..##...#######.#
....P..##....##...# #...#


You could see 2 jackals, a hobgoblin, a goblin, a bat and a kobold.

Vanquished Creatures
  An endoplasm (D:1)
  A goblin (D:1)
  2 jackals (D:1)
  A ball python (D:1)
  2 frilled lizards (D:1)
  A kobold (D:1)
8 creatures vanquished.

Notes
Turn   | Place    | Note
-------+----------+-------------------------------------------
     0 | D:1      | voltaire321 the Demonspawn Gladiator began the quest for
                  | the Orb.
     0 | D:1      | Reached XP level 1. HP: 16/16 MP: 1/1
   404 | D:1      | Found a faded altar of an unknown god.
   465 | D:1      | Slain by a jackal

Illustrated notes

Levels and vault maps discovered:
D:1:      wander_arrival_fairy_ring, layout_rooms,
          ebering_ecumenical_altar_abandoned

Skill      XL: |  1 |
---------------+----+-----
Throwing       | 2 |  2.0
Fighting       | |  2.1
Axes           | |  2.8
Dodging        | |  2.8

Action                   || total
-------------------------++-------
Melee: War axe           ||    21
Armor: Leather armour    ||    16
Dodge: Dodged            ||    37
